 Dungeon Sprint DCSS version 0.16-a0-3841-g2612308 (console) character file.

61 Monkaria the Slasher (level 4, 25/44 HPs)
             Began as a Hill Orc Fighter on Jan 30, 2015.
             Quit the game in the Dungeon (Sprint IX: "|||||||||||||||||||||||||||||").
             The game lasted 00:00:41 (304 turns).

Monkaria the Slasher (Hill Orc Fighter)              Turns: 304, Time: 00:00:42

Health: 25/44      AC:  6    Str: 19    XL:     4   Next: 7%
Magic:  4/4        EV:  7    Int:  8    God:
Gold:   0          SH:  9    Dex: 10    Spells: 0 memorised, 3 levels left

rFire  . . .     SeeInvis .     a - +0 long sword
rCold  . . .     Clarity  .     b - +0 scale mail
rNeg   . . .     SustAb   .     c - +0 shield
rPois  .         Gourm    .     (no helmet)
rElec  .         Spirit   .     (no cloak)
rCorr  .         Warding  .     (no gloves)
rMut   .         NoTele   +     (no boots)
MR     .....                    (no amulet)
Stlth  ..........               (no ring)
                                (no ring)

@: not resistant to hostile enchantments, extremely unstealthy
A: no striking features
a: no special abilities


You were in the Dungeon.
You were not hungry.

You visited 1 branch

Inventory:

Hand weapons
 a - a +0 long sword (weapon)
Armour
 b - a +0 scale mail (worn)
 c - a +0 shield (worn)
Magical devices
 o - a wand of draining (7)
Scrolls
 k - 2 scrolls of blinking
 m - 3 scrolls of remove curse
 n - 2 scrolls of amnesia
Potions
 e - a potion of might
 f - 5 potions of curing
 g - 3 potions of heal wounds
 h - a potion of haste
 i - 4 potions of magic
 j - a potion of berserk rage
 l - a potion of invisibility
Comestibles
 d - a meat ration


   Skills:
 + Level 6.3 Fighting
 * Level 7.1 Long Blades
 - Level 3.2 Armour
 - Level 3.2 Shields


You had 3 spell levels left.
You didn't know any spells.

Dungeon Overview and Level Annotations

Branches:
Dungeon (1/1)

Altars:
Cheibriados
Dithmenos
Elyvilon
Fedhas
Gozag
Kikubaaqudgha
Makhleb
Nemelex Xobeh
Okawaru
Qazlal
Ru
Sif Muna
Trog
Vehumet
Xom
Yredelemnul
Zin
The Shining One
Beogh
Jiyva
Lugonu


Message History

There is a shadowy altar of Dithmenos here.
There is a stormy altar of Qazlal here.
There is an opulent altar of Gozag here.
There is a sacrificial altar of Ru here.
You open the door.
Found six items.
Found a +2 ring of evasion.
There is an open door here.
Found a +2 ring of protection.
i - 4 potions of magic (gained 2);
l - a potion of invisibility
g - 3 potions of heal wounds (gained 2);
f - 5 potions of curing (gained 4)
m - 3 scrolls of remove curse;
n - 2 scrolls of amnesia
k - 2 scrolls of blinking (gained 1)
o - a wand of draining (7)
You see here an uncursed staff of energy.
Items here: ))))))
Okay, then.
You see here a +0 pair of boots.
You see here a +0 pair of boots.
Are you sure you want to abandon this character and quit the game? (Confirm with "yes".) ▓▓▓▓▓▓▓▓▓▓▓▓▓▓▓▓▓▓▓▓▓ __________'..|)[@[==+ ▓▓▓▓▓▓▓▓▓▓▓▓▓▓▓▓▓▓▓▓▓

There were no monsters in sight!

Vanquished Creatures
  A crimson imp (D)
  An adder (D)
  A shadow imp (D)
  A bat skeleton (D)
  A bat zombie (D)
  3 goblins (D)
  A bat (D)
  2 giant newts (D)
  A giant newt zombie (D)
  A goblin zombie (D)
13 creatures vanquished.

Notes
Turn   | Place    | Note
--------------------------------------------------------------
     0 | D        | Monkaria, the Hill Orc Fighter, began the quest for the Orb.
     0 | D        | Reached XP level 1. HP: 19/19 MP: 1/1
     8 | D        | Reached skill level 4 in Fighting
   118 | D        | Noticed a crimson imp
   121 | D        | Reached XP level 2. HP: 26/28 MP: 2/2
   128 | D        | Reached skill level 5 in Fighting
   138 | D        | Reached skill level 5 in Long Blades
   153 | D        | Reached XP level 3. HP: 11/36 MP: 3/3
   260 | D        | Killed a crimson imp
   260 | D        | Reached skill level 6 in Fighting
   260 | D        | Reached skill level 7 in Long Blades
   260 | D        | Reached XP level 4. HP: 19/44 MP: 4/4
   270 | D        | Found a glowing silver altar of Zin.
   270 | D        | Found a glowing golden altar of the Shining One.
   270 | D        | Found an ancient bone altar of Kikubaaqudgha.
   270 | D        | Found a basalt altar of Yredelemnul.
   270 | D        | Found a shimmering altar of Xom.
   270 | D        | Found a radiant altar of Vehumet.
   270 | D        | Found an iron altar of Okawaru.
   271 | D        | Found a burning altar of Makhleb.
   272 | D        | Found a deep blue altar of Sif Muna.
   273 | D        | Found a bloodstained altar of Trog.
   274 | D        | Found a sparkling altar of Nemelex Xobeh.
   275 | D        | Found a white marble altar of Elyvilon.
   276 | D        | Found a roughly hewn altar of Beogh.
   277 | D        | Found a viscous altar of Jiyva.
   278 | D        | Found a corrupted altar of Lugonu.
   279 | D        | Found a blossoming altar of Fedhas.
   280 | D        | Found a snail-covered altar of Cheibriados.
   281 | D        | Found a shadowy altar of Dithmenos.
   282 | D        | Found a stormy altar of Qazlal.
   283 | D        | Found an opulent altar of Gozag.
   284 | D        | Found a sacrificial altar of Ru.
   304 | D        | Quit the game

Action                   |  1- 3 |  4- 6 || total
-------------------------+-------+-------++-------
Melee: Long sword        |    73 |       ||    73
